 Dungeon Crawl Stone Soup version 0.20-a0-449-g96be121 (webtiles) character file.

35 ThermosAquaticus the Insei (level 3, -4/26 HPs)
             Began as a Barachian Transmuter on Jan 7, 2017.
             Slain by Natasha (10 damage)
             ... on level 2 of the Dungeon.
             The game lasted 00:03:22 (1050 turns).

ThermosAquaticus the Insei (Barachian Transmuter)   Turns: 1050, Time: 00:03:23

Health: -4/26      AC:  3    Str:  8    XL:     3   Next: 35%
Magic:  2/6        EV: 12    Int: 12    God:
Gold:   82         SH:  0    Dex: 11    Spells: 0/6 levels left

rFire  . . .     SeeInvis .       - Unarmed
rCold  . . .     Gourm    .     b - +0 robe
rNeg   . . .     Faith    .     (no shield)
rPois  .         Spirit   .     (no helmet)
rElec  .         Reflect  .     o - +0 cloak
rCorr  .         Harm     .     (no gloves)
MR     .....                    (boots currently unavailable)
Stlth  +.........               (no amulet)
                                (no ring)
                                (no ring)

@: appendage (expiring), slow
A: swims, talons 3, slowness 1, strong legs 1
a: Hop, End Transformation


You were on level 2 of the Dungeon.
You were hungry.
You had grown temporary talons.
You visited 1 branch of the dungeon, and saw 2 of its levels.

You collected 82 gold pieces.

Inventory:

Missiles
 a - 9 arrows
Armour
 b - a +0 robe (worn)
 o - a +0 cloak (worn)
Scrolls
 g - a scroll of recharging {unknown}
 j - a scroll of amnesia {unknown}
 n - a scroll of remove curse {unknown}
 q - a scroll of fog {unknown}
Potions
 e - a potion of curing {unknown}
 h - a potion of resistance {unknown}
 i - a potion of cancellation {unknown}
 l - 2 potions of invisibility {unknown}
 m - 2 potions of agility {unknown}
 p - a potion of degeneration {unknown}
Books
 c - a book of Changes

   Spells                             Type                      Level
   a - Beastly Appendage              Transmutation                1
   b - Sticks to Snakes               Transmutation                2
   c - Spider Form                    Transmutation/Poison         3
   d - Ice Form                       Ice/Transmutation            4
   e - Blade Hands                    Transmutation                5
Comestibles
 d - 4 bread rations
 k - 2 meat rations


   Skills:
 - Level 1.1 Fighting
 - Level 2.0 Dodging
 + Level 4.3 Unarmed Combat
 - Level 2.0 Spellcasting
 - Level 2.0 Transmutations


You couldn't memorise any spells.
You knew the following spells:

 Your Spells              Type           Power        Failure   Level  Hunger
a - Beastly Appendage     Tmut           #.....       12%         1    ##.....
b - Sticks to Snakes      Tmut           #.......     17%         2    ###....
c - Spider Form           Tmut/Pois      #.........   56%         3    ####...


Dungeon Overview and Level Annotations

Branches:
Dungeon (2/15)

Altars:

Annotations:
D:2 Natasha


Innate Abilities, Weirdness & Mutations

You can swim through water.
You cover ground slowly.
You can hop short distances.
You have claws for feet.


Message History

The crimson imp lashes its tail.
The crimson imp blinks!
The crimson imp closely misses your ball python.
Natasha closely misses you.
You hit Natasha. Your kick misses Natasha.
Natasha is severely wounded.
Your ball python bites Natasha.
Your ball python constricts Natasha.
The crimson imp summons a swarm of flies.
The white imp gestures at you. The puff of frost hits you!
The crimson imp blinks!
Natasha closely misses your ball python.
Your ball python bites Natasha.
Your ball python constricts Natasha.
You completely miss Natasha. You claw Natasha, but do no damage.
Natasha is almost dead.
The crimson imp blinks!
The white imp gestures at you. The puff of frost hits you!
* * * LOW HITPOINT WARNING * * *
Natasha claws you!
You die...

.......# .......# ###
### .......# #.# ..# .
.......####.####.#####..
#####..........#........
##########.#........
#.#.§...... #.#S§......
#..@h.5.... ####5......
....... .§..5.. .......
....... ....... .......


You could see Natasha, 2 crimson imps, a white imp and a friendly ball python.

Vanquished Creatures
  A dart slug (D:1)
  4 giant cockroaches
  2 goblins (D:1)
  4 hobgoblins (D:1)
  4 jackals (D:1)
  4 kobolds
  2 bats
  2 frilled lizards (D:1)
  5 rats
28 creatures vanquished.

Vanquished Creatures (collateral kills)
  A kobold (D:1)
1 creature vanquished.

Grand Total: 29 creatures vanquished

Notes
Turn   | Place    | Note
-------+----------+-------------------------------------------
     0 | D:1      | ThermosAquaticus the Barachian Transmuter began the quest for the Orb.
     0 | D:1      | Reached XP level 1. HP: 15/15 MP: 3/3
   256 | D:1      | Reached XP level 2. HP: 20/21 MP: 3/5
   321 | D:1      | Learned a level 2 spell: Sticks to Snakes
   608 | D:1      | Reached skill level 4 in Unarmed Combat
   617 | D:1      | Reached XP level 3. HP: 23/26 MP: 4/6
   871 | D:1      | Learned a level 3 spell: Spider Form
  1038 | D:2      | Noticed Natasha
  1050 | D:2      | Slain by Natasha

Vault maps used:
D:1:      roderic_crop_circles_arrival_large
D:2:      grunt_gozag_breadcrumbs, uniq_natasha, uniq_sigmund

Skill      XL: |  1  2 |
---------------+-------+-----
Unarmed Combat | 4 |  4.3
Fighting       | |  1.1
Dodging        | |  2.0
Spellcasting   | |  2.0
Transmutations | |  2.0

Action                   || total
-------------------------++-------
Melee: Unarmed           ||   111
       Headbutt          ||     5
       Kick              ||     7
 Cast: Beastly Appendage ||    19
       Sticks to Snakes  ||     3
  Eat: Chunk             ||     1
Armor: Robe              ||    21
Dodge: Dodged            ||    82
